 Dungeon Crawl Stone Soup version 0.30.1-9-gdf580d7c3d (webtiles) character file.

Game seed: 17275050495178046055

136 FishyPogo the Insei (level 5, -3/41 HPs)
             Began as a Gnoll Transmuter on Sept 25, 2023.
             Was an Initiate of Wu Jian.
             Slain by a gnoll
             ... wielding a +0 halberd
              (13 damage)
             ... on level 4 of the Dungeon.
             The game lasted 00:04:00 (2815 turns).

FishyPogo the Insei (Gnoll Transmuter)              Turns: 2815, Time: 00:04:00

Health: -3/41      AC:  2    Str:  9    XL:     5   Next: 19%
Magic:  9/12       EV: 13    Int: 15    God:    Wu Jian [......]
Gold:   171        SH:  0    Dex: 12    Spells: 8/14 levels left

rFire   . .          .
                       - Unarmed
rCold   . . .        (no shield)
rNeg    . . .        a - +0 robe
rPois   +            t - melded +0 helmet
rElec   .            (no cloak)
rCorr   .            (no gloves)
SInv    .            (boots currently unavailable)
Will    .....        (no amulet)
Stlth   ++           o - ring of poison resistance
HPRegen 0.26/turn    (no ring)
MPRegen 0.13/turn

%: no passive effects
@: appendages, wereblooded
A: horns 2, talons 2, fangs 1, strong nose, distributed training
a: End Transformation, Renounce Religion


You were on level 4 of the Dungeon.
You worshipped Wu Jian.
Wu Jian was noncommittal.
You had temporarily grown beastly horns and talons.
You visited 1 branch of the dungeon, and saw 4 of its levels.

You collected 171 gold pieces.

Inventory:

Missiles
 g - 18 stones
 m - 3 javelins
 n - 3 atropa-tipped darts
 u - 3 poisoned darts
 x - 5 boomerangs of dispersal
Armour
 a - a +0 robe (worn)
 i - an orb of guile
 t - a +0 helmet (melded)
Magical Staves
 s - a staff of earth
Jewellery
 o - a ring of poison resistance (left hand)
 v - a ring of positive energy
Scrolls
 c - a scroll of immolation {unknown}
 d - a scroll of teleportation {unknown}
 h - a scroll of amnesia {unknown}
 k - 2 scrolls of enchant armour {unknown}
 l - 5 scrolls of identify {unknown}
Potions
 b - 2 potions of lignification
 e - 3 potions of heal wounds {unknown}
 f - 3 potions of brilliance {unknown}
 j - a potion of attraction {unknown}
 p - 2 potions of might {unknown}
 q - a potion of berserk rage {unknown}
 r - a potion of curing {unknown}
 w - a potion of flight {unknown}


   Skills:
 + Level 3.0 Fighting
 + Level 1.4 Short Blades
 + Level 1.4 Long Blades
 + Level 1.4 Axes
 + Level 1.4 Maces & Flails
 + Level 1.4 Polearms
 + Level 1.4 Staves
 + Level 1.4 Ranged Weapons
 + Level 1.4 Throwing
 + Level 1.4 Armour
 + Level 4.8 Dodging
 + Level 1.4 Stealth
 + Level 1.4 Shields
 + Level 6.7 Unarmed Combat
 + Level 5.2 Spellcasting
 + Level 1.1 Conjurations
 + Level 1.1 Hexes
 + Level 1.1 Summonings
 + Level 1.1 Necromancy
 + Level 1.1 Translocations
 + Level 3.9 Transmutations
 + Level 1.1 Fire Magic
 + Level 1.1 Ice Magic
 + Level 1.1 Air Magic
 + Level 1.1 Earth Magic
 + Level 1.1 Poison Magic
 + Level 1.6 Invocations
 + Level 1.4 Evocations


You had 8 spell levels left.
You knew the following spells:

 Your Spells              Type           Power      Damage    Failure   Level
a - Beastly Appendage     Tmut           30%        N/A       3%          1
b - Wereblood             Tmut           15%        N/A       4%          2
c - Spider Form           Tmut/Pois      11%        N/A       17%         3

Your spell library contained the following spells:

 Spells                   Type           Power      Damage    Failure   Level
 Ice Form                 Ice/Tmut       11%        N/A       50%         4


Dungeon Overview and Level Annotations

Branches:
Dungeon (4/15)
 Temple: D:4-7

Altars:
Dithmenos
Hepliaklqana
Wu Jian
Xom


Innate Abilities, Weirdness & Mutations

You have temporarily grown beastly horns and talons.
You have very sharp teeth.
Your uncanny sense of smell can sniff out nearby items.
Your experience applies equally to all skills.


Message History

Your blood is infused with primal strength.
A goblin comes into view. It is wielding a +0 dagger.
The kobold throws a stone.
The stone hits you.
The gnoll hits you from afar with a +0 spear.
The kobold throws a stone.
The stone barely misses you.
An orc comes into view. It is wielding a +0 club.
The gnoll hits you with a +0 spear! The gnoll closely misses you.
You hit the gnoll.
The gnoll is lightly wounded.
You hit the gnoll. You claw the gnoll.
You feel a bit better.
You kill the gnoll!
The Council accepts your kill. The gnoll barely misses you.
You have reached level 5!
You closely miss the gnoll. You claw the gnoll.
The gnoll is lightly wounded.
The gnoll hits you with a +0 whip.
The gnoll hits you from afar with a +0 halberd.
Unknown command.
You punch the gnoll! You headbutt the gnoll.
The gnoll is almost dead.
The gnoll closely misses you. x2
You closely miss the gnoll. You claw the gnoll.
You feel a bit better.
You kill the gnoll!
The Council accepts your kill.
The gnoll hits you from afar with a +0 halberd!
* * * LOW HITPOINT WARNING * * *
Your Fighting skill increases to level 3!
Unknown command.
You hit the goblin.
You feel a bit better.
You kill the goblin!
The Council accepts your kill.
The gnoll hits you from afar with a +0 halberd!
* * * LOW HITPOINT WARNING * * *
You punch the kobold!
You feel a bit better.
You kill the kobold!
The Council accepts your kill. The gnoll barely misses you.
The gnoll hits you from afar with a +0 halberd!
You die...

.... #.<.# .
.... .. ###...
... ##....
....##.g..
.......#g#
......#.@###.#.
#....<.o......
#.!##.##....#.
## ... ....#
∆<...# #....
....## ..#.
...#.# .# ∆
....#.. .
#.#.....


You could see 2 gnolls and an orc.

Vanquished Creatures
  2 gnolls (D:4)
  3 adders
  3 worms
  A dart slug (D:2)
  An orc (D:3)
  2 endoplasms
  6 giant cockroaches
  6 hobgoblins
  11 jackals
  4 kobolds
  2 quokkas
  6 ball pythons
  7 bats
  4 frilled lizards
  8 goblins
  6 rats
  A spectral goblin (D:3)
73 creatures vanquished.

Notes
Turn   | Place    | Note
-------+----------+-------------------------------------------
     0 | D:1      | FishyPogo the Gnoll Transmuter began the quest for the Orb.
     0 | D:1      | Reached XP level 1. HP: 17/17 MP: 6/6
   125 | D:1      | Reached XP level 2. HP: 13/23 MP: 5/7
   743 | D:1      | Reached skill level 5 in Spellcasting
   743 | D:1      | Reached XP level 3. HP: 28/28 MP: 6/9
   746 | D:1      | Learned a level 2 spell: Wereblood
   750 | D:1      | Learned a level 3 spell: Spider Form
   956 | D:2      | Reached skill level 1 in Invocations
  1201 | D:2      | Reached skill level 1 in Short Blades
  1201 | D:2      | Reached skill level 1 in Long Blades
  1201 | D:2      | Reached skill level 1 in Axes
  1201 | D:2      | Reached skill level 1 in Maces & Flails
  1201 | D:2      | Reached skill level 1 in Polearms
  1201 | D:2      | Reached skill level 1 in Staves
  1201 | D:2      | Reached skill level 1 in Ranged Weapons
  1201 | D:2      | Reached skill level 1 in Throwing
  1201 | D:2      | Reached skill level 1 in Armour
  1201 | D:2      | Reached skill level 1 in Stealth
  1201 | D:2      | Reached skill level 1 in Shields
  1201 | D:2      | Reached skill level 1 in Evocations
  1491 | D:2      | Reached XP level 4. HP: 34/34 MP: 9/11
  1898 | D:3      | Found an ornate altar of the Wu Jian Council.
  1912 | D:3      | Noticed a spectral centipede
  1912 | D:3      | Noticed a spectral black mamba
  1912 | D:3      | Noticed a spectral cane toad
  1913 | D:3      | Became a worshipper of the Wu Jian Council
  1943 | D:3      | Reached skill level 1 in Conjurations
  1943 | D:3      | Reached skill level 1 in Hexes
  1943 | D:3      | Reached skill level 1 in Summonings
  1943 | D:3      | Reached skill level 1 in Necromancy
  1943 | D:3      | Reached skill level 1 in Translocations
  1943 | D:3      | Reached skill level 1 in Fire Magic
  1943 | D:3      | Reached skill level 1 in Ice Magic
  1943 | D:3      | Reached skill level 1 in Air Magic
  1943 | D:3      | Reached skill level 1 in Earth Magic
  1943 | D:3      | Reached skill level 1 in Poison Magic
  2625 | D:3      | Found a hazy altar of Hepliaklqana.
  2669 | D:3      | Found a shadowy altar of Dithmenos.
  2669 | D:3      | Found a shimmering altar of Xom.
  2811 | D:4      | Reached XP level 5. HP: 30/40 MP: 8/12
  2815 | D:4      | Slain by a gnoll

Illustrated notes

Levels and vault maps discovered:
D:1:      dpeg_arrival_brainrot, layout_basic, st_stairs_6
D:2:      minmay_chambers_of_ones, layout_basic
D:3:      layout_loops_ring, pdpol_wu_jian_five_deadly_venoms,
          nicolae_hepliaklqana_monster_ancestors,
          gammafunk_temple_overflow_elements, minmay_misc_feat_x
D:4:      layout_rooms, yredelemnul_altar_generic, uniq_grinder

Skill      XL: |  1  2  3  4  5 |
---------------+----------------+-----
Spellcasting   | 5 |  5.2
Invocations    | 1 |  1.6
Short Blades   | 1 |  1.4
Long Blades    | 1 |  1.4
Axes           | 1 |  1.4
Maces & Flails | 1 |  1.4
Polearms       | 1 |  1.4
Staves         | 1 |  1.4
Ranged Weapons | 1 |  1.4
Throwing       | 1 |  1.4
Armour         | 1 |  1.4
Stealth        | 1 |  1.4
Shields        | 1 |  1.4
Evocations     | 1 |  1.4
Conjurations   | 1 |  1.1
Hexes          | 1 |  1.1
Summonings     | 1 |  1.1
Necromancy     | 1 |  1.1
Translocations | 1 |  1.1
Fire Magic     | 1 |  1.1
Ice Magic      | 1 |  1.1
Air Magic      | 1 |  1.1
Earth Magic    | 1 |  1.1
Poison Magic   | 1 |  1.1
Fighting       | 3 |  3.0
Dodging        | |  4.8
Unarmed Combat | |  6.7
Transmutations | |  3.9

Action                     |  1- 3 |  4- 6 || total
---------------------------+-------+-------++-------
  Melee: Unarmed           |    89 |    82 ||   171
         Kick              |    18 |    20 ||    38
         Headbutt          |     9 |    16 ||    25
         Bite              |     7 |     7 ||    14
         Punch             |     3 |     3 ||     6
   Cast: Beastly Appendage |    22 |    24 ||    46
         Wereblood         |       |     2 ||     2
Ability: Lunge             |       |     7 ||     7
         End Transformatio |       |     1 ||     1
   Stab: Sleeping          |       |     3 ||     3
 Armour: Robe              |    14 |     4 ||    18
  Dodge: Dodged            |    64 |    46 ||   110
